 Dungeon Crawl Stone Soup version 0.22.0-60-ga52c2fc (webtiles) character file.

130 Anon1729 the Chopper (level 5, -1/46 HPs)
             Began as a Naga Gladiator on Sept 9, 2018.
             Slain by a kobold
             ... wielding a +2 whip of venom
              (4 damage)
             ... on level 3 of the Dungeon on Sept 10, 2018.
             The game lasted 00:03:37 (2048 turns).

Anon1729 the Chopper (Naga Gladiator)               Turns: 2048, Time: 00:03:39

Health: -1/46      AC:  4    Str: 16    XL:     5   Next: 14%
Magic:  5/5        EV: 10    Int: 10    God:
Gold:   136        SH:  0    Dex: 12    Spells: 4/4 levels left

rFire    . . .     SeeInvis +   a - +0 war axe
rCold    . . .     Gourm    .   (no shield)
rNeg     . . .     Faith    +   b - +0 leather armour
rPois    +         Spirit   .   c - +0 helmet
rElec    .         Reflect  .   (no cloak)
rCorr    .         Harm     .   (no gloves)
MR       .....                  (no barding)
Stlth    +.........             o - amulet of faith
HPRegen  0.15/turn              m - ring of wizardry
MPRegen  0.09/turn              (no ring)

@: lethally poisoned (-1 -> -3), short of breath, very slow
A: large, see invisible, deformed body, poison resistance, slowness 2, slow
metabolism 1, spit poison 1, AC +1
a: Spit Poison


You were on level 3 of the Dungeon.
You were not hungry.

You visited 1 branch of the dungeon, and saw 3 of its levels.

You collected 136 gold pieces.

Inventory:

Hand Weapons
 a - a +0 war axe (weapon)
Missiles
 d - 3 throwing nets (quivered)
Armour
 b - a +0 leather armour (worn)
 c - a +0 helmet (worn)
Jewellery
 m - a ring of wizardry (left hand)
 o - an amulet of faith (around neck)
Wands
 n - a wand of random effects (28)
 p - a wand of flame (26)
Scrolls
 e - a scroll of fog {unknown}
 g - 3 scrolls of remove curse {unknown}
 h - a scroll of enchant armour {unknown}
 j - 5 scrolls of identify
 r - a scroll of teleportation {unknown}
Potions
 i - a potion of lignification {unknown}
 k - a potion of cancellation {unknown}
 l - 4 potions of curing {unknown}
Comestibles
 f - 5 rations
 q - 6 chunks of flesh


   Skills:
 + Level 2.7 Fighting
 * Level 4.2 Axes
 - Level 2.0 Throwing
 + Level 1.4 Armour
 - Level 3.0 Dodging


You had 4 spell levels left.
You didn't know any spells.
Your spell library was empty.

Dungeon Overview and Level Annotations

Branches:
Dungeon (3/15)

Altars:
Elyvilon
Xom


Innate Abilities, Weirdness & Mutations

You cannot wear boots.
Your serpentine skin is tough. (AC +1)
You have supernaturally acute eyesight. (SInv)
Armour fits poorly on your strangely shaped body.
Your system is resistant to poisons. (rPois)
You cover ground very slowly.
You have a slow metabolism.
You can spit poison.


Message History

* * * LOW HITPOINT WARNING * * *
The adder barely misses you.
Unknown command.
You feel sick. The adder bites you.
* * * LOW HITPOINT WARNING * * *
Press: ? - help, Shift-Dir - straight line, f - kobold
Aim: a kobold, wielding a whip of venom The splash of poison hits the adder.
You kill the adder!
You feel slightly more hungry. The bat hits you but does no damage.
The adder bites you.
* * * LOW HITPOINT WARNING * * *
Unknown command.
You closely miss the adder.
The adder is severely wounded.
You barely miss the kobold.
* * * LOW HITPOINT WARNING * * *
You feel sick. The adder closely misses you.
The kobold hits you with a whip of venom.
You die...

#..............#...#....
...................###.##
..##...##..........# .#
.# ##.# ##.........##.###
#+ ##....###.......
##......#.......
##..#.##.#.......
##..#..# .........
##@....## #.....b.
#KS###.# #..... #.....b##
.# #..... ......... ..
#... .......... ... #.<
........... .########.#
............ ........#
............# #######..
............. #.#


You could see an adder, a bat and a kobold.

Vanquished Creatures
  5 adders
  3 worms
  4 dart slugs
  2 leopard geckos
  4 orcs (D:3)
  3 giant cockroaches
  5 goblins
  9 hobgoblins
  8 kobolds
  A quokka (D:2)
  A ball python (D:1)
  7 bats
  10 rats
62 creatures vanquished.

Notes
Turn   | Place    | Note
-------+----------+-------------------------------------------
     0 | D:1      | Anon1729 the Naga Gladiator began the quest for the Orb.
     0 | D:1      | Reached XP level 1. HP: 19/19 MP: 1/1
   183 | D:1      | Reached XP level 2. HP: 17/26 MP: 2/2
   414 | D:1      | Reached XP level 3. HP: 32/32 MP: 3/3
  1253 | D:2      | Reached skill level 1 in Armour
  1263 | D:2      | Reached XP level 4. HP: 29/40 MP: 4/4
  1659 | D:2      | Found a white marble altar of Elyvilon.
  1853 | D:3      | Found a shimmering altar of Xom.
  1877 | D:3      | Reached skill level 4 in Axes
  2001 | D:3      | Reached XP level 5. HP: 35/46 MP: 5/5
  2048 | D:3      | Slain by a kobold

Skill      XL: |  1  2  3  4  5 |
---------------+----------------+-----
Throwing       | 2 |  2.0
Armour         | 1 |  1.4
Axes           | 4 |  4.2
Dodging        | 3 |  3.0
Fighting       | |  2.7

Action                   |  1- 3 |  4- 6 || total
-------------------------+-------+-------++-------
Melee: War axe           |   104 |    70 ||   174
 Abil: Spit Poison       |       |     1 ||     1
  Use: Scroll            |       |     1 ||     1
 Stab: Sleeping          |     1 |       ||     1
  Eat: Chunk             |     1 |     2 ||     3
Armor: Leather armour    |    37 |    40 ||    77
Dodge: Dodged            |    81 |    68 ||   149
